 Dungeon Crawl Stone Soup version 0.30.1-4-g462c640d31 (webtiles) character file.

Game seed: 15129937331851245166

217 Almogavar the Conjurer (level 5, 0/28 HPs)
             Began as a Deep Elf Conjurer on Aug 10, 2023.
             Slain by a scorpion (2 damage)
             ... on level 3 of the Dungeon.
             The game lasted 00:08:12 (2889 turns).

Almogavar the Conjurer (Deep Elf Conjurer)          Turns: 2889, Time: 00:08:13

Health: 0/28       AC:  2    Str:  9    XL:     5   Next: 62%
Magic:  9/14       EV: 12    Int: 29    God:
Gold:   155        SH:  0    Dex: 12    Spells: 11/14 levels left

rFire   . . .        d - +0 dagger
rCold   . . .        (no shield)
rNeg    . . .        a - +0 robe
rPois   .            (no helmet)
rElec   .            (no cloak)
rCorr   .            (no gloves)
SInv    .            (no boots)
Will    .....        (no amulet)
Stlth   ++           u - +6 ring of strength
HPRegen 0.24/turn    (no ring)
MPRegen 0.14/turn

%: no passive effects
@: mighty, lethally poisoned (0 -> -8), attractive
A: claws 1, clever 1
a: no special abilities


You were on level 3 of the Dungeon.
You visited 1 branch of the dungeon, and saw 6 of its levels.

You collected 155 gold pieces.

Inventory:

Hand Weapons
 d - a +0 dagger (weapon)
Armour
 a - a +0 robe (worn)
Magical Staves
 f - a staff of death
 q - a staff of earth
Jewellery
 u - a +6 ring of strength (left claw)
Scrolls
 c - a scroll of blinking {unknown}
 j - a scroll of enchant armour {unknown}
 m - a scroll of enchant weapon {unknown}
 p - a scroll of fog {unknown}
 r - a scroll of poison {unknown}
 s - a scroll of identify {unknown}
 t - a scroll of vulnerability {unknown}
Potions
 b - 2 potions of magic
 e - 2 potions of attraction
 g - a potion of degeneration {unknown}
 h - a potion of heal wounds {unknown}
 i - a potion of might
 k - a potion of mutation
 l - a potion of flight {unknown}
 n - a potion of lignification {unknown}
 o - 2 potions of brilliance {unknown}
 v - a potion of curing {unknown}


   Skills:
 + Level 2.7 Dodging
 + Level 3.2 Stealth
 + Level 5.3 Spellcasting
 + Level 6.2 Conjurations


You had 11 spell levels left.
You knew the following spells:

 Your Spells              Type           Power      Damage    Failure   Level
a - Magic Dart            Conj           100%       1d8       1%          1
b - Searing Ray           Conj           88%        2d7       1%          2

Your spell library contained the following spells:

 Spells                   Type           Power      Damage    Failure   Level
 Dazzling Flash           Conj/Hex       50%        N/A       4%          3
 Sting                    Tmut/Pois      28%        1d4       6%          1
 Summon Small Mammal      Summ           28%        N/A       6%          1
 Mephitic Cloud           Conj/Pois/Air  19%        N/A       8%          3
 Call Imp                 Summ           14%        N/A       9%          2
 Poisonous Vapours        Pois/Air       14%        N/A       9%          2
 Fulminant Prism          Conj/Hex       12%        3d8       17%         4
 Iskenderun's Mystic Bla  Conj/Tloc      25%        2d7       17%         4
 Call Canine Familiar     Summ           7%         N/A       19%         3
 Summon Guardian Golem    Hex/Summ       7%         N/A       19%         3
 Vhi's Electric Charge    Tloc/Air       14%        N/A       19%         3
 Arcjolt                  Conj/Air       12%        1d22      43%         5
 Olgreb's Toxic Radiance  Pois           7%         N/A       52%         4
 Orb of Destruction       Conj           22%        9d8       98%         7
 Spellforged Servitor     Conj/Summ      12%        N/A       100%        7
 Maxwell's Capacitive Co  Air            3%         ∞         100%        8


Dungeon Overview and Level Annotations

Branches:
Dungeon (6/15)
 Temple: D:4-7

Altars:
Wu Jian


Innate Abilities, Weirdness & Mutations

You have sharp fingernails.
Your mind is acute. (Int +4, Str/Dex -1)


Message History

Aim: a scorpion (81% to hit)
The searing ray hits the scorpion.
The scorpion is moderately wounded. (Press . to maintain the ray.)
The searing ray misses the scorpion.
The searing ray hits the scorpion!
The scorpion is heavily wounded.
The searing ray hits the goblin!
You kill the goblin!
The scorpion stings you.
The searing ray hits the scorpion.
The scorpion is severely wounded.
You finish channelling your searing ray.
The scorpion stings you.
You are poisoned.
The scorpion poisons you!
You feel very sick. The scorpion completely misses you.
You climb upwards.
You feel very sick.
There is a stone staircase leading down here.
You feel sick. The scorpion stings you.
You are lethally poisoned!
The scorpion poisons you!
It was a potion of attraction.
You feel attractive to monsters.
* * * LOW HITPOINT WARNING * * *
You feel very sick. The scorpion barely misses you.
It was a potion of might.
You feel very mighty all of a sudden.
* * * LOW HITPOINT WARNING * * *
You feel very sick. The scorpion barely misses you. The scorpion stings you.
* * * LOW HITPOINT WARNING * * *
It was a potion of mutation.
You feel extremely strange.
Your fingernails lengthen.
You feel clever.
* * * LOW HITPOINT WARNING * * *
You feel sick. The scorpion stings you.
You die...

#(###.##...#####...
#..##.####....##.##
###.....# #####.##)##
#.....#####..........
##.###.####..####.##..
#..###.#....## #.###.
#####....#### #.###.
#########s>### #####.##..
#.......#@.######.......÷.
#.......#..##..÷..###.####
#..........#..#######.####
#...........######........
##########.......<.#..####
#####.####.##........
#....................
##.##.....#####...)..
#........##########.


You could see a scorpion.

Vanquished Creatures
  An iguana (D:5)
  Natasha (twice) (D:2)
  An orc wizard (D:3)
  A gnoll (D:1)
  3 adders
  2 worms
  2 dart slugs (D:1)
  2 orcs (D:3)
  7 bats
  6 endoplasms
  3 giant cockroaches
  4 goblins
  7 hobgoblins
  3 jackals (D:1)
  7 kobolds
  3 quokkas
  4 ball pythons
  4 frilled lizards
  6 rats
68 creatures vanquished.

Notes
Turn   | Place    | Note
-------+----------+-------------------------------------------
     0 | D:1      | Almogavar the Deep Elf Conjurer began the quest for the
                  | Orb.
     0 | D:1      | Reached XP level 1. HP: 10/10 MP: 6/6
   218 | D:1      | Reached XP level 2. HP: 15/15 MP: 2/8
   272 | D:1      | Learned a level 2 spell: Searing Ray
   310 | D:1      | Reached skill level 5 in Conjurations
   543 | D:1      | Reached XP level 3. HP: 19/19 MP: 6/9
  1089 | D:2      | Noticed Natasha
  1095 | D:2      | Killed Natasha
  1096 | D:2      | Reached XP level 4. HP: 24/24 MP: 6/11
  1808 | D:2      | Noticed Natasha
  1815 | D:2      | Killed Natasha
  2048 | D:3      | Found an ornate altar of the Wu Jian Council.
  2067 | D:3      | Reached skill level 6 in Conjurations
  2202 | D:3      | Reached XP level 5. HP: 28/28 MP: 7/13
  2470 | D:3      | You fall into a shaft and drop 3 floors!
  2482 | D:5      | Entered Level 5 of the Dungeon
  2488 | D:5      | Reached skill level 5 in Spellcasting
  2889 | D:3      | Gained mutation: You have sharp fingernails. [potion of
                  | mutation]
  2889 | D:3      | Gained mutation: Your mind is acute. (Int +4, Str/Dex -1)
                  | [potion of mutation]
  2889 | D:3      | Slain by a scorpion

Illustrated notes

Levels and vault maps discovered:
D:1:      roderic_octagonal_star, layout_rooms
D:2:      layout_basic, serial_forest, infiniplex_forest_lined_2,
          infiniplex_forest_lined_corner, infiniplex_forest_lined_ring,
          infiniplex_forest_straight_1, infiniplex_forest_straight_3,
          uniq_natasha
D:3:      layout_rooms, nzn_wu_jian_council_hall
D:4:      layout_gridville
D:5:      layout_loops_ring, mainiacjoe_overflow_concentric_impassable,
          mainiacjoe_overflow_alcove_2, mainiacjoe_overflow_paths,
          old_standard_altar, minmay_temple_entry_water_ring,
          ebering_ghost_reflecting_pool
D:6:      layout_basic, grunt_gozag_statues, serial_rivers,
          chequers_serial_rivers_room_b, chequers_serial_rivers_micro_e,
          chequers_serial_rivers_room_a, chequers_serial_rivers_room_b,
          guppyfry_early_elven_hall, uniq_edmund

Skill      XL: |  1  2  3  4  5 |
---------------+----------------+-----
Conjurations   | 5 6 |  6.2
Stealth        | 3 |  3.2
Spellcasting   | 4 5 |  5.3
Dodging        | |  2.7

Action                     |  1- 3 |  4- 6 || total
---------------------------+-------+-------++-------
  Melee: Dagger            |     1 |       ||     1
   Cast: Magic Dart        |    54 |    64 ||   118
         Searing Ray       |     3 |     4 ||     7
    Use: Potion            |       |     3 ||     3
 Armour: Robe              |     1 |       ||     1
  Dodge: Dodged            |     3 |     4 ||     7
